 Dungeon Crawl Stone Soup version 0.26.0-45-g9c1d065592 (webtiles) character file.

Game seed: 5623101311451046124

(classic levelgen) 24 thiole the Stinger (level 3, -1/21 HPs)
             Began as an Octopode Venom Mage on Jan 30, 2021.
             Slain by a goblin (3 damage)
             ... on level 1 of the Dungeon.
             The game lasted 00:00:56 (960 turns).

thiole the Stinger (Octopode Venom Mage)             Turns: 960, Time: 00:00:56

Health: -1/21      AC:  1    Str:  7    XL:     3   Next: 2%
Magic:  0/6        EV: 13    Int: 18    God:
Gold:   37         SH:  0    Dex: 12    Spells: 5/6 levels left

rFire    . . .     SeeInvis .   (no weapon)
rCold    . . .     Faith    .   (no shield)
rNeg     . . .     Spirit   .   (helmet restricted)
rPois    .         Reflect  .   (no amulet)
rElec    .         Harm     .   (no ring)
rCorr    .         Rampage  .   (no ring)
Will     .....                  (no ring)
Stlth    +++.......             (no ring)
HPRegen  0.07/turn              (no ring)
MPRegen  0.10/turn              (no ring)
                                (no ring)
                                (no ring)

@: attractive
A: almost no armour, stealthy swim, amphibious, 8 rings, constrict 8, camouflage
1, gelatinous body 1
a: no special abilities


You were on level 1 of the Dungeon.
You visited 1 branch of the dungeon, and saw 1 of its levels.

You collected 37 gold pieces.

Inventory:

Scrolls
 a - a scroll of blinking {unknown}


   Skills:
 + Level 0.0 Fighting
 - Level 2.0 Dodging
 - Level 2.6 Stealth
 - Level 2.0 Spellcasting
 - Level 1.0 Transmutations
 - Level 5.0 Poison Magic


You had 5 spell levels left.
You knew the following spells:

 Your Spells              Type           Power        Failure   Level
a - Sting                 Tmut/Pois      48%          5%          1

Your spell library contained the following spells:

 Spells                   Type           Power        Failure   Level
 Poisonous Vapours        Pois/Air       20%          10%         2
 Olgreb's Toxic Radiance  Pois           19%          22%         4
 Ignite Poison            Fire/Tmut/Pois 9%           24%         3
 Mephitic Cloud           Conj/Pois/Air  7%           28%         3


Dungeon Overview and Level Annotations

Branches:
Dungeon (1/15)

Altars:


Innate Abilities, Weirdness & Mutations

You cannot wear most types of armour.
You are very stealthy in the water. (Stealth+)
You are amphibious.
You can wear up to eight rings at the same time.
You can use your tentacles to constrict eight enemies at once.
Your skin changes colour to match your surroundings (Stealth+).
Your rubbery body absorbs attacks. (AC +1, EV +1)


Message History

It was a potion of attraction.
You feel attractive to monsters. The hobgoblin barely misses you.
The goblin is pulled toward you!
You tentacle-slap the hobgoblin but do no damage.
You grab the hobgoblin.
The hobgoblin is moderately wounded.
You constrict the hobgoblin. The hobgoblin closely misses you.
You tentacle-slap the hobgoblin. You squeeze the hobgoblin.
You kill the hobgoblin!
Training target 5.0 for Poison Magic reached!
Your Poison Magic skill increases to level 5!
You need to enable at least one skill for training.
You have reached level 3!
Your experience leads to an increase in your attributes!
Increase (s)trength, (i)ntelligence, or (d)exterity?
You feel clever.
You tentacle-slap the goblin but do no damage.
Your grab misses the goblin. The goblin hits you.
You die...

# ##..#.#..##
#######.#### ......#+#
#####...# # #.###
#####.# ##....#
......##################
...............g@.......
#...........#..########.
..#.......#....#
....#...#......#
......#.†......#
......#........#
....#...#..[...#
..#.......#...##
#.......!...#.#


You could see a goblin.

Vanquished Creatures
  2 giant cockroaches (D:1)
  4 hobgoblins (D:1)
  2 jackals (D:1)
  6 bats (D:1)
  2 goblins (D:1)
  A kobold (D:1)
  5 rats (D:1)
22 creatures vanquished.

Notes
Turn   | Place    | Note
-------+----------+-------------------------------------------
     0 | D:1      | thiole the Octopode Venom Mage began the quest for the Orb.
     0 | D:1      | Reached XP level 1. HP: 11/11 MP: 3/3
    93 | D:1      | Reached skill level 4 in Poison Magic
   291 | D:1      | Reached XP level 2. HP: 17/17 MP: 1/5
   960 | D:1      | Reached skill level 5 in Poison Magic
   960 | D:1      | Reached XP level 3. HP: 1/21 MP: 0/6
   960 | D:1      | Slain by a goblin

Illustrated notes

Levels and vault maps discovered:
D:1:      nzn_arrival_crosshair, layout_basic, minmay_misc_feat_more_columns,
          chequers_mini_garden, grunt_decor_fettered

Skill      XL: |  1  2 |
---------------+-------+-----
Poison Magic   | 4 5 |  5.0
Dodging        | |  2.0
Stealth        | |  2.6
Spellcasting   | |  2.0
Transmutations | |  1.0

Action                   || total
-------------------------++-------
Melee: Unarmed           ||    19
       Constrict         ||     7
       Tentacles         ||     2
 Cast: Sting             ||    32
  Use: Potion            ||     1
Armor: Skin              ||     2
Dodge: Dodged            ||    35
